 Dungeon Crawl Stone Soup version 0.18-a0-1539-g1c7284a (webtiles) character file.

71 M4edhros the Sneak (level 4, 0/28 HPs)
             Began as an Octopode Artificer on Mar 9, 2016.
             Slain by a howler monkey (2 damage)
             ... on level 4 of the Dungeon.
             The game lasted 00:01:45 (1497 turns).

M4edhros the Sneak (Octopode Artificer)             Turns: 1497, Time: 00:01:46

Health: 0/28       AC:  1    Str: 10    XL:     4   Next: 24%
Magic:  6/6        EV: 12    Int: 14    God:
Gold:   56         SH:  0    Dex: 13    Spells: 0 memorised, 3 levels left

rFire  . . .     SeeInvis .     (no weapon)
rCold  . . .     Gourm    .     (no shield)
rNeg   . . .     Faith    .     (helmet restricted)
rPois  .         Spirit   .     (no amulet)
rElec  .         Dismiss  .     e - ring of flight
rCorr  .         Reflect  .     (no ring)
SustAt .         Harm     .     (no ring)
MR     .....                    (no ring)
Stlth  ++++......               (no ring)
                                (no ring)
                                (no ring)
                                (no ring)

@: not resistant to hostile enchantments, stealthy
A: almost no armour, amphibious, 8 rings, constrict 8, camouflage 1, gelatinous
body 1
a: Evoke Flight


You were on level 4 of the Dungeon.
You were hungry.

You visited 1 branch of the dungeon, and saw 4 of its levels.

You collected 56 gold pieces.

Inventory:

Jewellery
 e - a ring of flight (left tentacle)
Wands
 b - a wand of flame (15/48)
 c - a wand of enslavement (15/24)
 d - a wand of random effects (15/48)
Scrolls
 g - 2 scrolls of identify {unknown}
 j - 2 scrolls of teleportation {unknown}
 l - a scroll of fear {unknown}
Potions
 a - a potion of curing {unknown}
 h - a potion of cure mutation {unknown}
 i - a potion of haste {unknown}
 k - a potion of agility {unknown}
Comestibles
 f - 2 bread rations
 m - a beef jerky


   Skills:
 - Level 1.0 Fighting
   Level 1.0 Short Blades
 - Level 2.0 Dodging
 + Level 5.7 Stealth
 - Level 3.2 Evocations


You had 3 spell levels left.
You didn't know any spells.

Dungeon Overview and Level Annotations

Branches:
Dungeon (4/15)
 Temple: D:4-7

Altars:

Annotations:
D:3 Terence


Innate Abilities, Weirdness & Mutations

You cannot wear most types of armour.
You are amphibious.
You can wear up to eight rings at the same time.
You can use your tentacles to constrict eight enemies at once.
Your skin changes colour to match your surroundings (Stealth).
Your rubbery body absorbs attacks (AC +1).


Message History

* * * LOW HITPOINT WARNING * * *
You tentacle-slap the howler monkey.
The howler monkey is moderately wounded.
You constrict the howler monkey. The howler monkey hits you.
* * * LOW HITPOINT WARNING * * *
The howler monkey bites you.
* * * LOW HITPOINT WARNING * * *
Unknown command.
You tentacle-slap the howler monkey. You squeeze the howler monkey.
The howler monkey is heavily wounded.
You constrict the howler monkey. The howler monkey hits you.
* * * LOW HITPOINT WARNING * * *
The howler monkey bites you.
* * * LOW HITPOINT WARNING * * *
Unknown command.
You tentacle-slap the howler monkey.
The howler monkey is severely wounded.
You constrict the howler monkey. The howler monkey closely misses you.
The howler monkey bites you.
You die...

#. #.##########
#..........# ###
##..........# #.#
...........# ####.#
#.........# #.##.#
.#####...h.....# ..##.#
........@...<..#
#.##'#########..........
..................##...#
#.......#########.# ..#
##....#.# ..# # #....#.#
..# #....#.. ..#
#.####### ..# #..


You could see a howler monkey.

Vanquished Creatures
  A worker ant (D:4)
  An adder (D:3)
  An ooze (D:4)
  3 worms
  2 dart slugs (D:1)
  A giant gecko (D:1)
  2 bats
  A giant cockroach (D:1)
  4 goblins
  3 hobgoblins (D:2)
  3 kobolds
  A rat (D:2)
23 creatures vanquished.

Notes
Turn   | Place    | Note
--------------------------------------------------------------
     0 | D:1      | M4edhros the Octopode Artificer began the quest for the Orb.
     0 | D:1      | Reached XP level 1. HP: 13/13 MP: 3/3
    59 | D:1      | Reached skill level 2 in Stealth
   152 | D:1      | Reached XP level 2. HP: 12/18 MP: 4/4
   247 | D:1      | Reached skill level 3 in Stealth
   681 | D:2      | Reached skill level 4 in Stealth
   692 | D:2      | Reached XP level 3. HP: 2/23 MP: 5/5
  1097 | D:3      | Noticed Terence
  1433 | D:4      | Reached skill level 5 in Stealth
  1433 | D:4      | Reached XP level 4. HP: 17/28 MP: 6/6
  1497 | D:4      | Slain by a howler monkey

Vault maps used:
D:1:      sevenhm_arrival_forest_fort_large_2
D:2:      overflow_temple_1_default, first_bread
D:3:      lemuel_castle_with_subvaults, nicolae_tso_swordbearing_angel,
          uniq_terence
D:4:      enter_ossuary_4, tgw_trog, uniq_blork_the_orc, uniq_sigmund,
          uniq_natasha, uniq_edmund

Skill      XL: |  1  2  3 |
---------------+----------+-----
Stealth        | 2 4 5 |  5.7
Fighting       | |  1.0
Short Blades   | |  1.0
Dodging        | |  2.0
Evocations     | |  3.2

Action                   |  1- 3 |  4- 6 || total
-------------------------+-------+-------++-------
Melee: Unarmed           |    82 |    15 ||    97
 Stab: Sleeping          |     7 |     2 ||     9
  Eat: Chunk             |     1 |       ||     1
